 Dungeon Crawl Stone Soup version 0.24-a0-441-g27f0392e16 (webtiles) character file.

Game seed: 13194331182424806896

40595 KristoblXynda the Transmogrifier (level 13, -1/79 HPs)
             Began as a Felid Transmuter on June 20, 2019.
             Was a High Priest of Yredelemnul.
             Slain by Urug (6 damage)
             ... on level 2 of the Orcish Mines.
             The game lasted 01:34:21 (39711 turns).

KristoblXynda the Transmogrifier (FeTm)            Turns: 39711, Time: 01:34:22

Health: -1/79      AC:  8    Str:  5    XL:     13   Next: 75%
Magic:  17/25      EV: 19    Int: 17    God:    Yredelemnul [*****.]
Gold:   304        SH:  0    Dex: 14    Spells: 8/27 levels left
                                        Lives:  0   Deaths: 4

rFire    + . .     SeeInvis +     - Unarmed
rCold    . . .     Gourm    .   (shield unavailable)
rNeg     + + +     Faith    .   (armour unavailable)
rPois    +         Spirit   .   (helmet unavailable)
rElec    .         Reflect  .   (cloak unavailable)
rCorr    .         Harm     .   (gloves unavailable)
MR       +....                  (boots unavailable)
Stlth    ++++......             A - amulet "Urouh" {Acrobat +Fly rN+++ Str-3 Dex-3}
HPRegen  0.23/turn              l - +5 ring of evasion
MPRegen  0.19/turn              D - ring "Vahuxeos" {Wiz +Blink rF+}

@: hydra-form
A: very large, no armour, no weapons or thrown items, stealth, see invisible,
carnivore, slow metabolism 1
a: End Transformation, Recall Undead Slaves, Injury Mirror, Animate Dead, Drain
Life, Enslave Soul, Renounce Religion, Evoke Blink, Evoke Flight


You were on level 2 of the Orcish Mines.
You worshipped Yredelemnul.
Yredelemnul was extremely pleased with you.
You were completely stuffed.
You were a five-headed hydra.
You visited 4 branches of the dungeon, and saw 24 of its levels.

You collected 1897 gold pieces.
You spent 1593 gold pieces at shops.

Inventory:

Jewellery
 e - an uncursed ring of positive energy
 f - an uncursed ring of protection from magic
 g - an uncursed ring of stealth
 l - a +5 ring of evasion (left foreclaw)
 t - an uncursed amulet of regeneration
 A - the amulet "Urouh" (around neck) {Acrobat +Fly rN+++ Str-3 Dex-3}
   (You acquired it on level 2 of the Lair of Beasts)

   [amulet of the acrobat]

   It helps you evade while moving and waiting.
   It affects your strength (-3).
   It affects your dexterity (-3).
   It renders you almost immune to negative energy.
   It lets you fly.
 B - an uncursed ring of resist corrosion
 C - the amulet "Naxuclo" {RegenMP rN+ Str+4 Dex+5 Stlth+}
   (You acquired it on level 4 of the Lair of Beasts)

   [amulet of magic regeneration]

   It increases your magic regeneration.
   It affects your strength (+4).
   It affects your dexterity (+5).
   It protects you from negative energy.
   It makes you more stealthy.
 D - the ring "Vahuxeos" (right foreclaw) {Wiz +Blink rF+}
   (You acquired it on level 4 of the Lair of Beasts)

   [ring of wizardry]

   It improves your spell success rate.
   It protects you from fire.
   It lets you blink.
Wands
 n - a wand of digging (2)
 p - a wand of iceblast (4)
 u - a wand of scattershot (10)
 w - a wand of clouds (10)
Scrolls
 a - 5 scrolls of remove curse
 k - 2 scrolls of fear
 m - a scroll of blinking
 q - 5 scrolls of teleportation
 r - 2 scrolls of vulnerability
 s - 3 scrolls of amnesia
 y - a scroll of summoning
 G - a scroll of identify
Potions
 b - 5 potions of agility
 d - a potion of flight
 h - 4 potions of brilliance
 i - 4 potions of ambrosia
 j - 4 potions of might
 v - a potion of curing
 z - 4 potions of haste
 E - a potion of mutation
 F - a potion of invisibility
Miscellaneous
 x - a box of beasts
Comestibles
 c - 31 rations


   Skills:
 - Level 10.1 Fighting
 - Level 11.0 Dodging
 - Level 10.1 Stealth
 + Level 13.0 Unarmed Combat
 + Level 7.7 Spellcasting
 - Level 7.0 Hexes
 - Level 6.0 Charms
 + Level 13.0 Transmutations
 - Level 4.0 Invocations
 + Level 9.5 Evocations


You had 8 spell levels left.
You knew the following spells:

 Your Spells              Type           Power        Failure   Level  Hunger
a - Deflect Missiles      Chrm/Air       ###.......   86%         6    ######.
c - Ice Form              Ice/Tmut       ####....     3%          4    ###....
d - Tukima's Dance        Hex            ####....     1%          3    #......
e - Hydra Form            Tmut           ######....   3%          6    ######.

Your spell library contained the following spells:

 Spells                   Type           Power        Failure   Level  Hunger
 Beastly Appendage        Tmut           ######       1%          1    None
 Confusing Touch          Hex            ####..       1%          1    None
 Corona                   Hex            ####...      1%          1    None
 Ensorcelled Hibernation  Hex/Ice        ###...       1%          2    None
 Slow                     Hex            ####....     1%          2    None
 Sticks to Snakes         Tmut           ######..     1%          2    None
 Confuse                  Hex            ####....     1%          3    #......
 Spider Form              Tmut/Pois      ####......   1%          3    #......
 Blade Hands              Tmut           ######....   1%          5    #####..
 Yara's Violent Unravell  Hex/Tmut       #####.....   1%          5    #####..
 Cause Fear               Hex            ####......   2%          4    ###....
 Dazzling Spray           Conj/Hex       ###...       3%          3    #......
 Animate Skeleton         Necr           N/A          4%          1    None
 Apportation              Tloc           #.....       4%          1    None
 Magic Dart               Conj           #...         4%          1    None
 Summon Small Mammal      Summ           #...         4%          1    None
 Blink                    Tloc           N/A          6%          2    None
 Call Imp                 Summ           #.......     6%          2    None
 Irradiate                Conj/Tmut      ####......   9%          5    #####..
 Conjure Flame            Conj/Fire      #.......     13%         3    #......
 Mephitic Cloud           Conj/Pois/Air  #.......     13%         3    #......
 Dragon Form              Tmut           ######....   17%         7    #######
 Silence                  Hex/Air        ###.......   26%         5    #####..
 Statue Form              Tmut/Erth      ####.....    41%         6    ######.
 Discord                  Hex            ####......   100%        8    #######


Dungeon Overview and Level Annotations

Branches:
Dungeon (15/15)            Temple (1/1) D:7            Lair (6/6) D:11
  Swamp (0/4) Lair:3        Snake (0/4) Lair:3        Slime (0/5) Lair:5
    Orc (2/2) D:11            Elf (0/3) Orc:2        Vaults (0/5) D:14
 Depths (0/5) D:15

Altars:
Ashenzari
Cheibriados
Dithmenos
Elyvilon
Fedhas
Gozag
Hepliaklqana
Kikubaaqudgha
Makhleb
Nemelex Xobeh
Okawaru
Qazlal
Ru
Sif Muna
Trog
Uskayaw
Vehumet
Wu Jian
Xom
Yredelemnul
Zin
The Shining One
Beogh

Shops:
D:5 **==   D:9 (*}:}   D:11 *   D:13 *   D:14 !:   Orc:2 (:*

Annotations:
D:7 1 runed translucent door
D:10 2 transporters, p0werm0de's ghost, novice DsWn
D:12 3 runed translucent doors, p0werm0de's ghost, journeyman OpAr
Lair:2 3 runed translucent doors, KristoblXynda's ghost, novice FeTm
Orc:2 Urug


Innate Abilities, Weirdness & Mutations

You cannot wear armour.
You are incapable of wielding weapons or throwing items.
Your paws allow you to move quietly. (Stealth)
((You have sharp claws.))
((You have razor-sharp teeth.))
You have supernaturally acute eyesight. (SInv)
You are carnivorous and can eat meat at any time.
((You cover ground quickly.))
((Your thick and shaggy fur keeps you warm. (AC +3, rC+)))
You have a slow metabolism.
((Your sharp claws are effective at attacking unaware monsters.))


Message History

Unknown command.
You gouge Urug!!
Urug is moderately wounded.
Urug misses you.
You bite Urug!
Urug is heavily wounded.
Your +1 long sword of draining hits Urug.
Your +1 long sword of draining drains Urug.
Urug hits you!
* * * LOW HITPOINT WARNING * * *
You feel better. Urug hits you!
* * * LOW HITPOINT WARNING * * *
You gouge Urug!!
Urug is almost dead.
Your +1 long sword of draining completely misses Urug.
You barely miss Urug.
Urug is almost dead.
Urug hits you.
You die...
Your body rises from the dead as a mindless zombie.

#.............
#....)P.P.P... #
###...........P
..#.#..(.....8...
.......(.)..∩....
#........P......P
.......P(......P.
#...(#..o........
.......D.P.P......
..................
..........#.$.....
#.................
...........(......
......$....#.......#
#...#..............
....#......#...... .
##....##... .# ##


You could see Urug and a friendly +1 long sword of draining.

Vanquished Creatures
  3 hydras
  3 centaur warriors
  A skeletal warrior (D:15)
  6 unseen horrors
  2 deep elf magi
  An oklob plant (Lair:4)
  3 slime creatures
  A cyclops (D:12)
  7 ugly things
  3 black mambas
  Joseph (D:8)
  A spiny frog (Lair:5)
  2 molten gargoyles (Lair:6)
  4 komodo dragons
  A yaktaur (D:15)
  A kobold demonologist (D:11)
  A rime drake (Lair:6)
  An efreet (D:15)
  A redback zombie (D:15)
  5 trolls
  2 polar bears
  A polar bear (shapeshifter) (D:14)
  3 meliai (D:13)
  A tyrant leech (Lair:3)
  2 dream sheep (D:8)
  14 blink frogs
  6 hippogriffs
  2 shadows
  A vampire (D:13)
  24 yaks
  A wraith (D:13)
  4 wyverns
  Eustachio (D:6)
  A basilisk (Lair:4)
  4 hungry ghosts
  9 vampire mosquitoes
  2 wargs (Orc:1)
  Menkaure (D:6)
  Duvessa (D:7)
  An acid dragon (D:13)
  3 nagas (Lair:3)
  6 water moccasins
  3 hell hounds (Lair:6)
  17 orc warriors
  5 porcupines
  A black bear (D:13)
  3 phantoms
  3 sky beasts
  An ice beast (D:10)
  A hornet zombie (D:12)
  8 wolves
  An eye of draining (D:10)
  9 ogres
  A necrophage (D:5)
  5 centaurs
  9 crocodiles
  A dream sheep skeleton (D:8)
  Blork the orc (D:6)
  25 big kobolds
  13 bullfrogs
  Dowan (D:7)
  2 scorpions
  13 killer bees
  15 wights
  4 electric eels
  A howler monkey (D:6)
  8 crimson imps
  A wyvern simulacrum (D:9)
  2 centaur zombies
  15 orc priests
  7 hounds
  2 quasits
  Crazy Yiuf (D:3)
  4 jellies
  21 orc wizards
  4 bullfrog skeletons
  4 centaur skeletons
  Jessica (D:2)
  3 iguanas
  9 worker ants
  A killer bee zombie (D:7)
  A big kobold zombie (D:11)
  A bullfrog simulacrum (D:9)
  A hound skeleton (D:3)
  A hound zombie (D:11)
  A worker ant zombie (D:8)
  Robin (D:3)
  3 gnolls (D:5)
  A howler monkey skeleton (D:8)
  A howler monkey zombie (D:7)
  12 adders
  A hound simulacrum (D:9)
  3 shadow imps
  2 white imps (D:9)
  An ooze (D:6)
  2 adder zombies
  An adder skeleton (D:8)
  A dart slug (D:2)
  9 leopard geckos
  68 orcs
  2 ball pythons
  4 giant cockroaches
  16 goblins
  8 hobgoblins
  3 jackals (D:9)
  23 kobolds
  5 quokkas
  9 bats
  3 frilled lizards
  A leopard gecko skeleton (D:4)
  2 quokka skeletons
  A quokka zombie (D:5)
  9 rats
  2 fungi
563 creatures vanquished.

Vanquished Creatures (collateral kills)
  An ironheart preserver (D:14)
  A fire dragon (Lair:6)
  A yaktaur captain (D:15)
  4 hydras
  2 centaur warriors
  2 two-headed ogres (D:12)
  2 skeletal warriors (D:15)
  An unseen horror (D:14)
  A wizard (D:14)
  A lindwurm (Lair:6)
  A wolf spider zombie (D:14)
  3 cyclopes
  3 orc sorcerers
  9 ugly things
  A deep elf mage (D:15)
  2 manticores
  2 centaur zombies
  6 black mambas
  2 spiny frogs (Lair:6)
  2 freezing wraiths (D:14)
  A redback zombie (D:14)
  A rime drake (Lair:4)
  6 komodo dragons
  An efreet (D:13)
  2 trolls
  A hornet (Lair:4)
  16 blink frogs
  4 slime creatures
  5 hippogriffs
  A centaur simulacrum (D:14)
  4 wyverns
  9 yaks
  A steam dragon (Lair:6)
  4 basilisks
  4 vampire mosquitoes
  2 wargs
  A soldier ant (D:14)
  A water moccasin (Lair:5)
  2 porcupines
  An acid dragon (D:15)
  A hell hound (Lair:6)
  9 orc warriors
  2 ice beasts (D:9)
  An ogre (Orc:2)
  6 centaurs (D:14)
  2 big kobolds
  3 crocodiles
  3 bullfrogs
  A scorpion (D:14)
  3 electric eels
  A howler monkey (D:12)
  3 wights (D:11)
  5 lava snakes (Lair:6)
  2 crimson imps
  A quasit (D:12)
  A hound (D:11)
  A jelly (Lair:5)
  A bullfrog skeleton (D:13)
  An iguana (D:13)
  3 orc wizards
  2 shadow imps
  A white imp (D:9)
  An ufetubus (D:9)
  14 orcs
  A butterfly (Lair:1)
  9 fungi
  6 plants
198 creatures vanquished.

Vanquished Creatures (others)
  A vampire knight (Orc:2)
  2 skeletal warriors (D:15)
  A phantasmal warrior (Lair:6)
  3 ugly thing zombies (D:15)
  7 centaur zombies
  A felid zombie (D:13)
  10 flying skulls
  2 meliai zombies (D:13)
  4 wraiths
  3 black mamba zombies
  A vampire (D:15)
  2 dancing weapons
  6 blink frog zombies
  2 blink frog skeletons (Lair:6)
  4 vampire mosquito zombies (D:13)
  A water moccasin zombie (D:12)
  2 hippogriff skeletons
  A warg zombie (Orc:1)
  2 wyvern zombies
  A cyclops skeleton (D:15)
  2 yak zombies
  A troll zombie (Orc:2)
  A wight (D:15)
  2 wolf zombies (Lair:2)
  A wolf skeleton (Lair:2)
  A bullfrog zombie (D:15)
  A bullfrog skeleton (D:15)
  2 porcupine zombies
  3 killer bee zombies (D:13)
  8 big kobold zombies (D:11)
  An ogre zombie (Orc:2)
  An acid dragon zombie (D:15)
  A mummy (Orc:2)
  A howler monkey skeleton (D:12)
  A steam dragon zombie (Lair:6)
  An orc skeleton (Orc:1)
  2 electric eel zombies
  A hobgoblin zombie (D:11)
  3 kobold zombies (D:11)
  15 orc zombies
  9 fungi
  A plant (Lair:6)
115 creatures vanquished.

Grand Total: 876 creatures vanquished

Notes
Turn   | Place    | Note
-------+----------+-------------------------------------------
     0 | D:1      | KristoblXynda the Felid Transmuter began the quest for the
                  | Orb.
     0 | D:1      | Reached XP level 1. HP: 9/9 MP: 4/4
   281 | D:1      | Reached skill level 1 in Stealth
   281 | D:1      | Reached XP level 2. HP: 4/12 MP: 4/6
  1438 | D:2      | Reached XP level 3. HP: 14/15 MP: 5/7
  1457 | D:2      | Learned a level 3 spell: Spider Form
  1918 | D:2      | Noticed Jessica
  1934 | D:2      | Killed Jessica
  1934 | D:2      | Reached XP level 4. HP: 13/19 MP: 6/8
  2595 | D:3      | You fall into a shaft and drop 3 floors!
  2597 | D:6      | Noticed an orc warrior
  2602 | D:6      | Noticed Eustachio
  2608 | D:6      | Noticed an orc warrior
  2612 | D:6      | Noticed Menkaure
  2612 | D:6      | Noticed an ogre
  2619 | D:6      | Killed an ogre
  2619 | D:6      | Reached XP level 5. HP: 19/22 MP: 9/9
  2780 | D:5      | Entered Level 5 of the Dungeon
  2780 | D:5      | Found Apousa's Jewellery Shop.
  2782 | D:5      | Gained mutation: You are covered in thick fur. (AC +2)
                  | [Felid growth]
  2782 | D:5      | Reached XP level 6. HP: 12/25 MP: 3/10
  3512 | D:4      | Found an ancient bone altar of Kikubaaqudgha.
  3538 | D:4      | Reached skill level 5 in Dodging
  4732 | D:3      | Noticed Robin
  4737 | D:3      | Killed Robin
  4754 | D:3      | Reached skill level 5 in Stealth
  4969 | D:3      | Reached XP level 7. HP: 28/28 MP: 7/11
  5231 | D:3      | Reached skill level 1 in Evocations
  5450 | D:3      | Killed from afar by an orc priest
  5451 | D:3      | Reached XP level 6. HP: -1/25 MP: 7/10
  5698 | D:3      | Found a runed translucent door.
  5699 | D:3      | Noticed Crazy Yiuf
  5825 | D:3      | Killed Crazy Yiuf
  6011 | D:5      | Reached skill level 5 in Unarmed Combat
  6018 | D:5      | Found a snail-covered altar of Cheibriados.
  6019 | D:5      | Found a burning altar of Makhleb.
  6027 | D:5      | Found an iron altar of Okawaru.
  6246 | D:5      | Found a shimmering altar of Xom.
  6248 | D:5      | Found a shimmering altar of Xom.
  6249 | D:5      | Found a shimmering altar of Xom.
  6250 | D:5      | Found a shimmering altar of Xom.
  6250 | D:5      | Found a shimmering altar of Xom.
  6256 | D:5      | Found Zisawkus's General Store.
  6333 | D:5      | Found a shimmering altar of Xom.
  6505 | D:5      | Reached skill level 5 in Transmutations
  6506 | D:5      | Reached XP level 7. HP: 4/30 MP: 11/11
  7194 | D:5      | Found Goik's Assorted Antiques.
  7203 | D:5      | Bought a scroll of identify for 54 gold pieces
  7254 | D:5      | Bought a cursed -3 ring of intelligence for 24 gold pieces
  7279 | D:5      | Found Worch's Jewellery Shoppe.
  7749 | D:6      | Learned a level 4 spell: Ice Form
  8814 | D:6      | Reached XP level 8. HP: 34/34 MP: 12/12
  8817 | D:6      | Killed Menkaure
  8852 | D:6      | Killed Eustachio
  9044 | D:6      | Noticed Blork the orc
  9050 | D:6      | Killed Blork the orc
  9181 | D:6      | HP: 1/36 [wight/+0 flail (14)]
  9181 | D:6      | Slain by a wight
  9182 | D:6      | Reached XP level 7. HP: -2/32 MP: 6/11
  9671 | D:7      | Found a glowing golden altar of the Shining One.
  9671 | D:7      | Found a runed translucent door.
  9671 | D:7      | Noticed an angel
 10273 | D:6      | Reached XP level 8. HP: 22/36 MP: 9/12
 10467 | D:7      | Learned a level 3 spell: Tukima's Dance
 10508 | D:7      | Reached skill level 1 in Hexes
 10508 | D:7      | Reached skill level 5 in Evocations
 11047 | D:7      | Reached skill level 5 in Fighting
 11139 | D:7      | Found a staircase to the Ecumenical Temple.
 11150 | Temple   | Entered the Ecumenical Temple
 11246 | Temple   | Became a worshipper of Yredelemnul the Dark
 11842 | D:7      | Noticed Dowan
 11848 | D:7      | Noticed Duvessa
 11899 | D:7      | Killed Duvessa
 11905 | D:7      | Killed Dowan
 12033 | D:7      | Reached XP level 9. HP: 33/40 MP: 14/14
 13148 | D:8      | Reached * piety under Yredelemnul
 13172 | D:8      | Noticed Joseph
 13201 | D:8      | Reached skill level 5 in Hexes
 13750 | D:8      | Killed Joseph
 14388 | D:8      | Noticed a three-headed hydra
 14406 | D:8      | Killed a three-headed hydra
 14406 | D:8      | Reached skill level 1 in Invocations
 14406 | D:8      | Reached XP level 10. HP: 5/44 MP: 17/17
 14986 | D:8      | Found a hide-covered altar of Uskayaw.
 16150 | D:9      | Found Meodeby's Gadget Emporium.
 16335 | D:9      | Found Zuriac's Gadget Emporium.
 16382 | D:9      | Reached ** piety under Yredelemnul
 16382 | D:9      | Reached skill level 5 in Spellcasting
 16672 | D:9      | Found Sefalial's Antique Weapon Shoppe.
 16862 | D:9      | Found Hejih's Book Boutique.
 17076 | D:9      | Bought a wand of iceblast (10) for 210 gold pieces
 17109 | D:9      | Found Urecloti's General Store.
 17133 | D:9      | Bought 2 potions of haste for 260 gold pieces
 17945 | D:10     | Entered Level 10 of the Dungeon
 18165 | D:10     | Noticed p0werm0de's ghost (novice DsWn)
 18165 | D:10     | Noticed an unseen horror
 18171 | D:10     | Killed an unseen horror
 18517 | D:10     | Found a transporter.
 18601 | D:10     | Reached XP level 11. HP: 47/47 MP: 16/19
 18817 | D:10     | Found a transporter.
 19079 | D:11     | Reached *** piety under Yredelemnul
 19161 | D:11     | Found a staircase to the Orcish Mines.
 19658 | D:11     | Reached skill level 10 in Transmutations
 20148 | D:11     | Found a staircase to the Lair.
 20149 | D:11     | Noticed an unseen horror
 20179 | D:11     | Killed an unseen horror
 20567 | D:11     | Received a gift from Yredelemnul (5 flying skulls)
 20821 | D:11     | Noticed a cyan ugly thing
 20830 | D:11     | Killed a cyan ugly thing
 20830 | D:11     | Reached skill level 10 in Unarmed Combat
 20833 | D:11     | Reached **** piety under Yredelemnul
 21140 | D:11     | Found Zatrimou's Mayhem Merchandise.
 21148 | D:11     | Bought a wand of iceblast (7) for 165 gold pieces
 21423 | D:12     | Received a gift from Yredelemnul (a mummy)
 22156 | D:12     | Noticed a two-headed ogre
 22166 | D:12     | Killed a two-headed ogre
 22554 | D:12     | Found a runed translucent gate.
 22555 | D:12     | Found a runed translucent gate.
 22556 | D:12     | Found a runed translucent gate.
 22588 | D:12     | Noticed an unseen horror
 22601 | D:12     | Killed an unseen horror
 22601 | D:12     | Gained mutation: Your thick and shaggy fur keeps you warm.
                  | (AC +3, rC+) [Felid growth]
 22601 | D:12     | Reached XP level 12. HP: 51/51 MP: 16/20
 22605 | D:12     | Noticed a two-headed ogre
 22616 | D:12     | Killed a two-headed ogre
 22846 | D:12     | Noticed p0werm0de's ghost (journeyman OpAr)
 23051 | D:13     | Killed from afar by a meliai
 23052 | D:13     | Reached XP level 11. HP: -1/72 MP: 19/19
 23084 | D:13     | Reached skill level 10 in Dodging
 23329 | Lair:1   | Entered Level 1 of the Lair of Beasts
 24199 | Lair:1   | Reached ***** piety under Yredelemnul
 24913 | Lair:2   | Identified a scroll of acquirement
 24921 | Lair:2   | Reached XP level 12. HP: 58/58 MP: 17/20
 24941 | Lair:2   | Got a scintillating graven amulet
 24942 | Lair:2   | Identified the amulet "Urouh" {Acrobat +Fly rN+++ Str-3
                  | Dex-3} (You acquired it on level 2 of the Lair of Beasts)
 25337 | Lair:2   | Found a runed translucent gate.
 25337 | Lair:2   | Found a runed translucent gate.
 25337 | Lair:2   | Found a runed translucent gate.
 25341 | Lair:2   | Noticed a four-headed hydra
 25341 | Lair:2   | Noticed KristoblXynda's ghost (novice FeTm)
 25341 | Lair:2   | Noticed a catoblepas
 25382 | Lair:2   | Received a gift from Yredelemnul (a wraith)
 25440 | Lair:2   | Noticed a six-headed hydra
 25451 | Lair:2   | Killed a six-headed hydra
 26813 | Lair:3   | Reached skill level 10 in Fighting
 26848 | Lair:3   | Found a staircase to the Snake Pit.
 26875 | Lair:3   | Received a gift from Yredelemnul (5 flying skulls)
 27427 | Lair:3   | Reached XP level 13. HP: 47/61 MP: 17/21
 27452 | Lair:3   | Found a staircase to the Swamp.
 27913 | Lair:4   | Got a scorched lead ring
 27920 | Lair:4   | Identified the ring "Vahuxeos" {Wiz +Blink rF+} (You
                  | acquired it on level 4 of the Lair of Beasts)
 27986 | Lair:4   | Learned a level 6 spell: Deflect Missiles
 28150 | Lair:4   | Got a clouded ivory amulet
 28154 | Lair:4   | Identified the amulet "Naxuclo" {RegenMP rN+ Str+4 Dex+5
                  | Stlth+} (You acquired it on level 4 of the Lair of Beasts)
 28207 | Lair:4   | Received a gift from Yredelemnul (a wraith)
 29231 | Lair:5   | Found a staircase to the Slime Pits.
 29250 | Lair:5   | Received a gift from Yredelemnul (a wraith)
 29874 | Lair:6   | Entered Level 6 of the Lair of Beasts
 30058 | Lair:6   | Reached skill level 10 in Stealth
 30402 | Lair:6   | Received a gift from Yredelemnul (a phantasmal warrior)
 31192 | Lair:6   | Found a large runed translucent door.
 31694 | Lair:6   | Found a large runed translucent door.
 31763 | Lair:6   | Noticed a fire dragon
 31780 | Lair:6   | Killed a fire dragon
 32507 | D:13     | Your ally KristoblXynda died
 32571 | D:13     | Received a gift from Yredelemnul (a wight)
 32667 | D:13     | Found a shimmering altar of Xom.
 32813 | D:13     | Found Hymihom's General Store.
 33191 | D:13     | Received a gift from Yredelemnul (a skeletal warrior)
 33768 | D:13     | Received a gift from Yredelemnul (a wraith)
 34046 | D:14     | Found Tadwaug's Book Boutique.
 34176 | D:14     | Reached skill level 1 in Charms
 34176 | D:14     | Reached XP level 14. HP: 51/66 MP: 20/24
 34353 | D:14     | Found a hazy altar of Hepliaklqana.
 34406 | D:14     | Received a gift from Yredelemnul (a vampire)
 34478 | D:14     | Found a gate to the Vaults.
 34478 | D:14     | Noticed an ironheart preserver
 34493 | D:14     | Killed an ironheart preserver
 34919 | D:14     | Found a shadowy altar of Dithmenos.
 35063 | D:14     | Found Misheam's Distillery.
 35099 | D:14     | Received a gift from Yredelemnul (a skeletal warrior)
 35333 | D:14     | Bought a potion of curing for 30 gold pieces
 35333 | D:14     | Bought a potion of invisibility for 80 gold pieces
 35802 | D:15     | Entered Level 15 of the Dungeon
 36698 | D:15     | Reached ****** piety under Yredelemnul
 37158 | D:15     | Reached skill level 5 in Charms
 37968 | D:15     | Found a staircase to the Depths.
 37975 | D:15     | Received a gift from Yredelemnul (a vampire knight)
 38456 | Orc:1    | Entered Level 1 of the Orcish Mines
 38575 | Orc:1    | Found a roughly hewn altar of Beogh.
 38830 | Orc:2    | Entered Level 2 of the Orcish Mines
 38900 | Orc:2    | Noticed an orc warlord
 38910 | Orc:2    | Found Aloghy's Book Emporium.
 39123 | Orc:2    | Found a staircase to the Elven Halls.
 39123 | Orc:2    | Found Udwoec's Antique Weapon Emporium.
 39640 | Orc:2    | Bought a book of Transfigurations for 770 gold pieces
 39647 | Orc:2    | Learned a level 6 spell: Hydra Form
 39679 | Orc:2    | Slain by an orc warrior
 39680 | Orc:2    | Reached XP level 13. HP: 0/61 MP: 25/25
 39680 | Orc:2    | Found Gerr's General Store.
 39683 | Orc:2    | Noticed Urug
 39711 | Orc:2    | Slain by Urug

Levels and vault maps discovered:
D:1:      nicolae_arrival_washed_ashore, layout_basic, minmay_tromino_v7
D:2:      layout_loops_ring, first_ration, uniq_jessica
D:3:      layout_loops_ring, uniq_crazy_yiuf_cottage, uniq_robin
D:4:      layout_basic, kiku_gazebo_pond_becter
D:5:      layout_layer_cave, minitemple, xom_redecorated, serial_shops,
          nicolae_shop_statue_plus, shop, nicolae_shop_overgrown_old_shop, shop
D:6:      layout_rooms, serial_bayou_crossing, uniq_menkaure,
          uniq_blork_the_orc, uniq_eustachio
D:7:      layout_cave_pods, minmay_temple_entry_mini_moons, lemuel_angel_altar,
          uniq_duvessa
D:8:      layout_gridville, lemuel_coloured_pillars_altar, serial_rivers,
          chequers_serial_rivers_large_b, chequers_serial_rivers_small_3,
          chequers_serial_rivers_micro_e, chequers_serial_rivers_small_3,
          chequers_serial_rivers_micro_b, chequers_serial_rivers_micro_e,
          hangedman_ranch [blue_anna_fruit_fields], uniq_joseph
D:9:      layout_roguey, serial_shops, nicolae_shop_window_shopping,
          nicolae_shop_stone, kennysheep_little_box, shop, shop_coins,
          serial_ice, serial_ice_o, serial_ice_d, serial_ice_b, serial_ice_l,
          serial_ice_a, serial_ice_f
D:10:     layout_basic, gammafunk_ghost_stat_death, bh_chokoban
D:11:     layout_roguey [special_room_kobold], lair_entry_dummy, erik_orc_3,
          hangedman_glass_teeth, minmay_shop_mayhem
D:12:     layout_irregular_city, gammafunk_ghost_icy
D:13:     layout_basic, serial_shops, kennysheep_mini_moat, basic_altar
D:14:     layout_rooms, skrybe_vaults_entry_preservation, serial_shops, shop,
          nicolae_shop_statue_plus, basic_altar, nicolae_dithmenos_shadow_blocks
D:15:     grunt_enter_depths_snipers, layout_layer_cave, serial_park_square2
Temple:   regret_index_temple_sphere_string
Lair:1:   layout_regular_city, cheibrodos_lair_caveside_slide,
          lemuel_fruit_fields
Lair:2:   layout_chaotic_city, gammafunk_ghost_split, serial_bayou_shore_a
Lair:3:   layout_roguey, minmay_swamp_entry_worms,
          minmay_snake_entry_guardpost_small
Lair:4:   layout_misc_corridors, minmay_lair_oklob_items,
          infiniplex_staircase_pool
Lair:5:   layout_long_grid, minmay_slime_entry_pillars
Lair:6:   cheibrodos_lair_end_hotspot, layout_hall_layers
Orc:1:    layout_caves, basic_altar
Orc:2:    grunt_orc_gardens, layout_caves, grunt_orc_garden, grunt_orc_garden,
          grunt_orc_garden, grunt_orc_garden, nooodl_orcs_dogs, uniq_urug

Skill      XL: |  1  2  3  4  5  6  7  8  9 10 11 12 13 14 |
---------------+-------------------------------------------+-----
Dodging        | 3 4 5 6 10 11 | 11.0
Stealth        | 1 2 3 4 5 8 10 | 10.1
Transmutations | 3 5 7 8 9 10 11 13 | 13.0
Unarmed Combat | 4 5 7 8 9 10 11 12 13 | 13.0
Evocations     | 2 3 5 7 9 |  9.5
Fighting       | 2 3 5 9 10 | 10.1
Hexes          | 4 6 7 |  7.0
Spellcasting   | 4 5 6 7 |  7.7
Invocations    | 1 4 |  4.0
Charms         | 1 6 |  6.0

Action                   |  1- 3 |  4- 6 |  7- 9 | 10-12 | 13-15 || total
-------------------------+-------+-------+-------+-------+-------++-------
Melee: Unarmed           |    97 |   209 |   449 |   881 |   602 ||  2238
       Headbutt          |     3 |     4 |     4 |       |       ||    11
       Punch             |     1 |     3 |     2 |    11 |     2 ||    19
       Bite              |     6 |     6 |    20 |    14 |     5 ||    51
 Cast: Beastly Appendage |     3 |     3 |     4 |       |       ||    10
       Spider Form       |       |    10 |    27 |    33 |    17 ||    87
       Tukima's Dance    |       |       |     3 |     3 |     1 ||     7
       Ice Form          |       |       |       |    31 |    45 ||    76
       Hydra Form        |       |       |       |       |     2 ||     2
Invok: Animate Remains   |       |       |     1 |     5 |       ||     6
       Animate Dead      |       |       |       |    37 |    60 ||    97
       Recall Undead Sla |       |       |       |       |     2 ||     2
       Drain Life        |       |       |       |       |     2 ||     2
Evoke: Wand              |       |     7 |    39 |    23 |    25 ||    94
       Box of beasts     |       |       |       |     1 |       ||     1
  Use: Scroll            |       |     7 |    11 |    11 |    11 ||    40
       Potion            |       |     3 |     4 |     4 |     7 ||    18
 Stab: Sleeping          |     8 |    14 |     5 |    23 |    20 ||    70
       Distracted        |       |       |     3 |     5 |     6 ||    14
  Eat: Chunk             |     9 |    13 |    29 |    54 |    36 ||   141
       Ration            |       |       |       |     2 |     8 ||    10
Armor: Skin              |     7 |     6 |    40 |    53 |    28 ||   134
Dodge: Dodged            |    71 |   198 |   427 |   818 |   647 ||  2161

Table legend:
 A = Non-vault XP
 B = Vault XP
 C = Vault XP percentage of total XP
 D = Non-vault monster count
 E = Vault monster count
 F = Vault count percentage of total count
                 A         B        C        D         E       F
            +---------+---------+-------+---------+---------+-------
      Total |   71300 |   21499 |  23.2 |     590 |     151 |  20.4
            +---------+---------+-------+---------+---------+-------
        D:1 |      26 |       2 |   7.1 |      17 |       2 |  10.5
        D:2 |      58 |      37 |  38.9 |      21 |       1 |   4.5
        D:3 |     177 |      71 |  28.6 |      22 |      11 |  33.3
        D:4 |     277 |       0 |   0.0 |      21 |       0 |   0.0
        D:5 |     634 |       0 |   0.0 |      23 |       0 |   0.0
        D:6 |    1174 |     453 |  27.8 |      27 |       3 |  10.0
        D:7 |    1339 |     214 |  13.8 |      30 |       2 |   6.2
        D:8 |     945 |    2522 |  72.7 |      26 |       9 |  25.7
        D:9 |    1425 |    1343 |  48.5 |      30 |      14 |  31.8
       D:10 |    2737 |       0 |   0.0 |      26 |       0 |   0.0
       D:11 |    2965 |    3003 |  50.3 |      43 |      46 |  51.7
       D:12 |    5892 |       0 |   0.0 |      36 |       0 |   0.0
       D:13 |    6674 |       0 |   0.0 |      44 |       0 |   0.0
       D:14 |    6637 |    2359 |  26.2 |      33 |       9 |  21.4
       D:15 |   13661 |    2189 |  13.8 |      41 |       3 |   6.8
     Lair:1 |    2759 |       0 |   0.0 |      16 |       0 |   0.0
     Lair:2 |    5242 |       0 |   0.0 |      31 |       0 |   0.0
     Lair:3 |    2516 |     594 |  19.1 |      15 |       4 |  21.1
     Lair:4 |    2485 |     485 |  16.3 |      12 |       1 |   7.7
     Lair:5 |    3224 |     709 |  18.0 |      14 |       4 |  22.2
     Lair:6 |    7750 |    5531 |  41.6 |      32 |      26 |  44.8
      Orc:1 |    1449 |     389 |  21.2 |      10 |       4 |  28.6
      Orc:2 |    1254 |    1598 |  56.0 |      20 |      12 |  37.5
            +---------+---------+-------+---------+---------+-------
